 Dungeon Crawl Stone Soup version 0.29-a0-1016-g236c7fd91e (webtiles) character file.

Game seed: 13165984121831277352

44 drugrobin the Chopper (level 3, 30/30 HPs)
             Began as a Demigod Fighter on Aug 10, 2022.
             Quit the game on level 2 of the Dungeon.
             The game lasted 00:02:04 (1459 turns).

drugrobin the Chopper (Demigod Fighter)             Turns: 1459, Time: 00:02:04

Health: 30/30      AC:  6    Str: 21    XL:     3   Next: 23%
Magic:  5/5        EV:  9    Int: 10    God:
Gold:   54         SH:  4    Dex: 13    Spells: 2/2 levels left

rFire   . . .      SeeInvis .   a - +0 war axe
rCold   + . .      Faith    .   c - +0 buckler
rNeg    . . .      Spirit   .   b - +0 scale mail
rPois   .          Reflect  .   (no helmet)
rElec   .          Harm     .   (no cloak)
rCorr   .          Rampage  .   (no gloves)
Will    .....                   (no boots)
Stlth   ..........              (no amulet)
HPRegen 0.10/turn               g - ring of protection from cold
MPRegen 0.09/turn               (no ring)

@: no status effects
A: high MP 1, forlorn, divine attributes
a: no special abilities


You were on level 2 of the Dungeon.
You visited 1 branch of the dungeon, and saw 2 of its levels.

You collected 54 gold pieces.

Inventory:

Hand Weapons
 a - a +0 war axe (weapon)
 l - the +10 spear "Egodwih" {drain, rC+ Will+}
   (You found it on level 2 of the Dungeon)

   A truly terrible weapon, it drains the life of any living foe it strikes.
   rC:        It protects you from cold.
   Will:      It increases your willpower.
Armour
 b - a +0 scale mail (worn)
 c - a +0 buckler (worn)
Jewellery
 g - a ring of protection from cold (left hand)
Scrolls
 e - a scroll of identify {unknown}
 f - a scroll of amnesia {unknown}
 i - a scroll of vulnerability {unknown}
 k - a scroll of acquirement {unknown}
Potions
 d - 2 potions of might
 h - a potion of magic {unknown}
 j - a potion of curing {unknown}


   Skills:
 - Level 2.6 Fighting
 + Level 3.5 Axes
 - Level 2.6 Armour
 - Level 2.6 Shields


You had 2 spell levels left.
You didn't know any spells.
Your spell library was empty.

Dungeon Overview and Level Annotations

Branches:
Dungeon (2/15)


Innate Abilities, Weirdness & Mutations

You have an increased reservoir of magic. (+10% MP)
You shall have no god before yourself.
Your divine heritage dramatically boosts your attributes as you level up.


Message History

You closely miss the adder. The adder bites you.
You miss the adder. The adder closely misses you.
The adder bites you but does no damage.
You miss the adder. You block the adder's attack.
The adder bites you but does no damage.
You barely miss the adder.
The adder bites you but does no damage. x2
You miss the adder. The adder bites you.
The adder bites you but does no damage.
You slash the adder!
The adder is severely wounded.
The adder bites you. The adder closely misses you.
You closely miss the adder.
The adder is severely wounded.
The adder misses you.
You barely miss the adder.
The adder is severely wounded.
The adder bites you but does no damage. The adder closely misses you.
You slash the adder!
You kill the adder!
You see here an adder corpse.
HP restored.
Found a stone staircase leading down.
Found 6 stones.
Unknown command.
Unknown command.
Could not explore, unopened door.
You open the door.
Found 11 gold pieces.
There is an open door here.
You now have 54 gold pieces (gained 11).
You see here 6 stones.
Found 4 poisoned darts.
You see here 4 poisoned darts.
You see here the +10 spear "Egodwih" {drain, rC+ Will+}.
Unknown command.
Unknown command.
Search for what [? for help]? spear Unknown command.
l - the +10 spear "Egodwih" {drain, rC+ Will+} Are you sure you want to abandon this character and quit the game? (Confirm with "yes".)

####.##.# #.......
#......# ######
#......# #....#
#......# ###.##.#
#......# #.#.##.#####
#......# #.#.........
#...@..###.####.#####
###.............#
#.####.#≈###..#
##.####.≈~≈##..#####
...≈..≈≈~≈#.........
.#~~~≈~~....#.......
.~≈~######.#########.
#########.#.# ...#
..... #.........#.#
.### ####.


There were no monsters in sight!

Vanquished Creatures
  An adder (D:2)
  2 dart slugs (D:1)
  4 ball pythons
  2 endoplasms
  2 goblins (D:1)
  5 hobgoblins
  2 quokkas
  2 bats (D:1)
  3 kobolds
  6 rats
29 creatures vanquished.

Notes
Turn   | Place    | Note
-------+----------+-------------------------------------------
     0 | D:1      | drugrobin the Demigod Fighter began the quest for the Orb.
     0 | D:1      | Reached XP level 1. HP: 18/18 MP: 3/3
    18 | D:1      | Reached skill level 2 in Axes
   259 | D:1      | Reached XP level 2. HP: 23/25 MP: 4/4
   500 | D:1      | Reached skill level 3 in Axes
   615 | D:1      | You fall into a shaft and drop 1 floor!
   904 | D:1      | Reached XP level 3. HP: 26/30 MP: 5/5
  1457 | D:2      | Identified the +10 spear "Egodwih" {drain, rC+ Will+}
  1459 | D:2      | Quit the game

Illustrated notes

Levels and vault maps discovered:
D:1:      minmay_arrival_solitary_statue, layout_basic, corexii_corridor_pit,
          nicolae_titane
D:2:      layout_basic, serial_shops, shop, chequers_serial_rivers_small_a,
          minmay_ruptured, uniq_terence

Skill      XL: |  1  2 |
---------------+-------+-----
Axes           | 2 3 |  3.5
Fighting       | |  2.6
Armour         | |  2.6
Shields        | |  2.6

Action                   || total
-------------------------++-------
Melee: War axe           ||    74
Armor: Scale mail        ||    40
Dodge: Dodged            ||    36
Block: Buckler           ||    13

Table legend: (Time is in decaauts)
 A = Elapsed time spent in this place.
 B = Non-inter-level travel time spent in this place.
 C = Inter-level travel time spent in this place.
 D = Time resting spent in this place.
 E = Time spent auto-exploring this place.
 F = Levels seen in this place.
 G = Mean time per level.
                   A        B        C        D        E       F      G
               +--------+--------+--------+--------+--------+-----+--------+
         Total |   1488 |   1399 |     89 |      0 |   1113 |   2 |  744.0 |
       Dungeon |   1488 |   1399 |     89 |      0 |   1113 |   2 |  744.0 |
               +--------+--------+--------+--------+--------+-----+--------+

Top non-repeatable levels by time:
     D:1: 1078 daAuts
     D:2: 410 daAuts
